[Event "EYCC Open-U18 2019"]
[Site "Bratislava"]
[Date "2019.08.04"]
[Round "3.48"]
[White "Heimisson, Hilmir Freyr"]
[Black "Ihnat, Marek"]
[Result "1-0"]
[ECO "A45"]
[WhiteElo "2279"]
[BlackElo "1946"]
[Annotator "NA"]
[PlyCount "87"]
[EventDate "2019.08.02"]
[EventType "swiss"]
[EventCountry "SVK"]
[SourceTitle "playchess.com"]
[Source "ChessBase"]
[SourceQuality "1"]
[TimeControl "40/5400+30:1800+30"]

1. d4 Nf6 2. Bg5 Ne4 3. Bf4 c5 4. d5 Qb6 5. Bc1 e6 6. f3 Nf6 7. e4 exd5 8. exd5 Bd6 9. c4 O-O 10. Bd3 Re8+ 11. Ne2 Bf8 12. O-O d6 13. Nbc3 Nbd7 14. f4 g6 15. h3 Bg7 16. Qc2 a6 17. Bd2 Qd8 18. a4 Nb6 19. Rf3 Nbd7 20. Kh1 b6 21. Raf1 Bb7 22. R3f2 Nh5 23. g4 Nhf6 24. f5 Ne5 25. Bf4 Nfd7 26. fxg6 fxg6 27. Ne4 Nxd3 28. Qxd3 Ne5 29. Bxe5 Bxe5 30. N2g3 Qh4 31. Kg2 Rf8 32. Qb3 Rxf2+ 33. Rxf2 Qd8 34. g5 Bc8 35. Qf3 Qe7 36. h4 Bd7 37. h5 Bxa4 38. Nf6+ Bxf6 39. gxf6 Qf7 40. Ne4 gxh5 41. Ng5 Qg6 42. f7+ Kf8 43. Qg3 Bd7 44. Nxh7+ 1-0

[Event "EYCC Open-U18 2019"]
[Site "Bratislava"]
[Date "2019.08.05"]
[Round "4.1"]
[White "Zarubitski, Viachaslau"]
[Black "Hakobyan, Aram"]
[Result "0-1"]
[ECO "B31"]
[WhiteElo "2424"]
[BlackElo "2568"]
[Annotator "RC"]
[PlyCount "100"]
[EventDate "2019.08.02"]
[EventType "swiss"]
[EventCountry "SVK"]
[TimeControl "40/5400+30:1800+30"]

1. e4 c5 2. Nf3 Nc6 3. Bb5 g6 4. Bxc6 bxc6 5. O-O Bg7 6. Re1 Nh6 7. c3 O-O 8. h3 f5 9. e5 Nf7 10. d3 h6 11. h4 e6 12. Bf4 g5 13. hxg5 hxg5 14. Nxg5 Nxg5 15. Qh5 Nf7 16. Re3 d6 17. exd6 e5 18. Rh3 Re8 19. Qh7+ Kf8 20. Rg3 Qf6 21. Rg6 exf4 22. Nd2 Qxg6 23. Qxg6 Re6 24. Qh5 Rxd6 25. Nc4 Rxd3 26. Qe2 Rd5 27. Re1 Bd7 28. Qe7+ Kg8 29. Qh4 Bh6 30. Qf6 Re8 31. Kf1 Rxe1+ 32. Kxe1 Kf8 33. Qg6 Bg7 34. Qh5 Bc8 35. Qh4 Ba6 36. Qxf4 Bh6 37. Qb8+ Rd8 38. Qb3 Re8+ 39. Kd1 Rd8+ 40. Kc2 Bf4 41. Ne3 Bd3+ 42. Kc1 Be4 43. g3 Bxe3+ 44. fxe3 Ne5 45. Qa3 Nd3+ 46. Kc2 Rd7 47. Kb3 Rb7+ 48. Kc4 Nxb2+ 49. Kxc5 Rb5+ 50. Kd4+ c5+ 0-1

[Event "EYCC Open-U18 2019"]
[Site "Bratislava"]
[Date "2019.08.05"]
[Round "4.8"]
[White "Van Foreest, Lucas"]
[Black "Kotau, Arseni"]
[Result "1-0"]
[ECO "E71"]
[WhiteElo "2521"]
[BlackElo "2227"]
[Annotator "RC"]
[PlyCount "79"]
[EventDate "2019.08.02"]
[EventType "swiss"]
[EventCountry "SVK"]
[TimeControl "40/5400+30:1800+30"]

1. d4 Nf6 2. c4 g6 3. Nc3 Bg7 4. e4 d6 5. h3 O-O 6. Be3 c5 7. d5 e6 8. Nf3 exd5 9. cxd5 Re8 10. Nd2 a6 11. a4 Nbd7 12. Be2 b6 13. O-O Rb8 14. Qc2 Qc7 15. f4 Bb7 16. Rf3 Ra8 17. Qd3 Qb8 18. Bf2 Re7 19. Bf1 Qe8 20. Nc4 Qb8 21. Re1 Ne8 22. Qd2 f6 23. h4 Bh6 24. h5 Ne5 25. Rg3 Rg7 26. Nxb6 Ra7 27. Be3 Nf7 28. hxg6 hxg6 29. b4 cxb4 30. Ne2 a5 31. Nd4 Kh7 32. Ne6 Rg8 33. Nd7 Qa8 34. Qd4 Bxd5 35. Nb6 Bxe6 36. Nxa8 Rxa8 37. f5 gxf5 38. Rxg8 Kxg8 39. Bxh6 Nxh6 40. exf5 1-0

[Event "EYCC Open-U18 2019"]
[Site "Bratislava"]
[Date "2019.08.05"]
[Round "4.11"]
[White "Oboladze, Luka"]
[Black "Gumularz, Szymon"]
[Result "1/2-1/2"]
[ECO "E91"]
[WhiteElo "2323"]
[BlackElo "2502"]
[Annotator "ChessBase"]
[PlyCount "72"]
[EventDate "2019.08.02"]
[EventType "swiss"]
[EventCountry "SVK"]
[SourceTitle "playchess.com"]
[Source "ChessBase"]
[SourceQuality "1"]
[TimeControl "40/5400+30:1800+30"]

1. d4 Nf6 2. c4 g6 3. Nc3 Bg7 4. e4 d6 5. Nf3 O-O 6. Be2 c5 7. O-O cxd4 8. Nxd4 Nc6 9. Be3 Bd7 10. f3 Nxd4 11. Bxd4 a5 12. b3 Bc6 13. Qd2 Nd7 14. Bxg7 Kxg7 15. Qd4+ Kg8 16. Rfd1 Qb6 17. Qxb6 Nxb6 18. Rac1 Rfc8 19. Nd5 Bxd5 20. cxd5 Kg7 21. Kf2 f5 22. Ke3 Kf6 23. f4 fxe4 24. Kxe4 Nd7 25. Rxc8 Rxc8 26. Bg4 Nc5+ 27. Kd4 Rc7 28. Be2 Nd7 29. Bd3 Nb6 30. g4 Rc5 31. g5+ Kf7 32. Be4 Rb5 33. Rb1 Rb4+ 34. Ke3 Rb5 35. Kd4 Rb4+ 36. Ke3 Rb5 1/2-1/2

[Event "EYCC Open-U18 2019"]
[Site "Bratislava"]
[Date "2019.08.05"]
[Round "4.13"]
[White "Blohberger, Felix"]
[Black "Ciorgovean, Iustin"]
[Result "1/2-1/2"]
[ECO "B51"]
[WhiteElo "2476"]
[BlackElo "2330"]
[Annotator "ChessBase"]
[PlyCount "43"]
[EventDate "2019.08.02"]
[EventType "swiss"]
[EventCountry "SVK"]
[SourceTitle "playchess.com"]
[Source "ChessBase"]
[SourceQuality "1"]
[TimeControl "40/5400+30:1800+30"]

1. e4 c5 2. Nf3 d6 3. Bb5+ Nd7 4. O-O a6 5. Bd3 Ngf6 6. Re1 e6 7. c3 b5 8. Bc2 c4 9. a4 Bb7 10. d4 cxd3 11. Qxd3 Nc5 12. Qe2 bxa4 13. Be3 Nfxe4 14. Nbd2 Nxd2 15. Nxd2 Qc7 16. Bxc5 Qxc5 17. Bxa4+ Ke7 18. b4 Qc7 19. Nb3 g6 20. Nd4 e5 21. c4 Kf6 22. Nb3 1/2-1/2

[Event "EYCC Open-U18 2019"]
[Site "Bratislava"]
[Date "2019.08.05"]
[Round "4.15"]
[White "Travadon, Loic"]
[Black "Mladek, Richard"]
[Result "1-0"]
[ECO "A05"]
[WhiteElo "2403"]
[BlackElo "2253"]
[Annotator "RC"]
[PlyCount "89"]
[EventDate "2019.08.02"]
[EventType "swiss"]
[EventCountry "SVK"]
[TimeControl "40/5400+30:1800+30"]

1. Nf3 Nf6 2. c4 g6 3. Nc3 d5 4. cxd5 Nxd5 5. Qb3 Nb6 6. d4 Bg7 7. Bf4 Be6 8. Qa3 O-O 9. e4 Bc4 10. Bxc4 Nxc4 11. Qb3 Nb6 12. Rd1 Qc8 13. O-O Na6 14. Bg5 Re8 15. Ne5 e6 16. Ng4 c5 17. e5 h5 18. Nf6+ Bxf6 19. Bxf6 cxd4 20. Rxd4 Nd7 21. Ne4 Nac5 22. Nxc5 Nxf6 23. Nxb7 Ng4 24. Nd6 Qc5 25. Re4 Red8 26. Re2 Rab8 27. Qg3 Qd4 28. Qh4 Qd5 29. h3 Nxe5 30. Ne4 Qb5 31. Re3 Nc4 32. Nf6+ Kg7 33. Rg3 Nd2 34. Re1 Qa5 35. Kh2 Rb5 36. b4 Rxb4 37. Nxh5+ Kh6 38. Nf4+ Kg7 39. Nxe6+ fxe6 40. Qe7+ Kh6 41. Rxg6+ Kxg6 42. Rxe6+ Kh5 43. Qh7+ Kg5 44. Qg6+ Kh4 45. g3# 1-0

[Event "EYCC Open-U18 2019"]
[Site "Bratislava"]
[Date "2019.08.05"]
[Round "4.18"]
[White "Fus, Jakub"]
[Black "Kukas, Oliver"]
[Result "1-0"]
[ECO "D80"]
[WhiteElo "2341"]
[BlackElo "2082"]
[Annotator "NA"]
[PlyCount "49"]
[EventDate "2019.08.02"]
[EventType "swiss"]
[EventCountry "SVK"]
[SourceTitle "playchess.com"]
[Source "ChessBase"]
[SourceQuality "1"]
[TimeControl "40/5400+30:1800+30"]

1. d4 Nf6 2. c4 g6 3. Nc3 d5 4. Bg5 Ne4 5. Bh4 Nxc3 6. bxc3 dxc4 7. e3 Be6 8. Qb1 Qd5 9. Nf3 Bg7 10. Be2 Nd7 11. O-O Nb6 12. a4 Bf5 13. Qb4 Qd6 14. Qxd6 exd6 15. a5 Nd5 16. Bxc4 Nxc3 17. Rfc1 Ne4 18. a6 Rb8 19. axb7 c6 20. Rxa7 Kd7 21. Bd3 Kc7 22. Ra6 c5 23. Bxe4 Bxe4 24. Bg3 Kxb7 25. Rxd6 1-0

[Event "EYCC Open-U18 2019"]
[Site "Bratislava"]
[Date "2019.08.05"]
[Round "4.21"]
[White "Guerra Rivera, Salvador"]
[Black "Baranciuc, Alexandr"]
[Result "1-0"]
[ECO "B07"]
[WhiteElo "2355"]
[BlackElo "1901"]
[Annotator "NA"]
[PlyCount "43"]
[EventDate "2019.08.02"]
[EventType "swiss"]
[EventCountry "SVK"]
[SourceTitle "playchess.com"]
[Source "ChessBase"]
[SourceQuality "1"]
[TimeControl "40/5400+30:1800+30"]

1. e4 d6 2. d4 Nf6 3. Nc3 g6 4. Bg5 Bg7 5. e5 Nfd7 6. exd6 cxd6 7. Qd2 h6 8. Be3 Nc6 9. O-O-O Nf6 10. f3 a6 11. Kb1 b5 12. d5 Na5 13. Bd4 O-O 14. g4 Bd7 15. Be2 Rc8 16. h4 Qc7 17. g5 b4 18. gxf6 bxc3 19. Bxc3 Bxf6 20. Bxa5 Qb7 21. c4 Bf5+ 22. Ka1 1-0

[Event "EYCC Open-U18 2019"]
[Site "Bratislava"]
[Date "2019.08.05"]
[Round "4.23"]
[White "Garanin, Aleksei"]
[Black "Erenberg, Ariel"]
[Result "0-1"]
[ECO "E15"]
[WhiteElo "2192"]
[BlackElo "2442"]
[Annotator "NA"]
[PlyCount "60"]
[EventDate "2019.08.02"]
[EventType "swiss"]
[EventCountry "SVK"]
[SourceTitle "playchess.com"]
[Source "ChessBase"]
[SourceQuality "1"]
[TimeControl "40/5400+30:1800+30"]

1. d4 Nf6 2. c4 e6 3. Nf3 b6 4. g3 Ba6 5. b3 d5 6. Bg2 Bb4+ 7. Bd2 Be7 8. Qc2 O-O 9. O-O c6 10. Rd1 Nbd7 11. Bf4 Rc8 12. Nbd2 Nh5 13. Be3 f5 14. Nf1 Qe8 15. a4 Nhf6 16. a5 b5 17. Ne5 bxc4 18. bxc4 c5 19. f4 cxd4 20. Bxd4 Nxe5 21. fxe5 Rxc4 22. Qb2 Ne4 23. Bxe4 fxe4 24. Bxa7 Qh5 25. Bd4 Rb4 26. Qd2 Qxe2 27. Ne3 Qxd2 28. Rxd2 Bg5 29. Re1 Rf3 30. Bb6 Rb3 0-1

[Event "EYCC Open-U18 2019"]
[Site "Bratislava"]
[Date "2019.08.05"]
[Round "4.27"]
[White "Ludvik, Tomas"]
[Black "Boev, Viktor"]
[Result "0-1"]
[ECO "D31"]
[WhiteElo "2334"]
[BlackElo "2246"]
[Annotator "NA RC"]
[PlyCount "82"]
[EventDate "2019.08.02"]
[EventType "swiss"]
[EventCountry "SVK"]
[TimeControl "40/5400+30:1800+30"]

1. d4 d5 2. c4 e6 3. Nc3 c6 4. Nf3 dxc4 5. a4 Bb4 6. e3 b5 7. Bd2 a5 8. axb5 Bxc3 9. Bxc3 cxb5 10. b3 Bb7 11. bxc4 b4 12. Bb2 Nf6 13. Bd3 O-O 14. O-O Nbd7 15. Nd2 Qc7 16. Bc2 e5 17. d5 Ba6 18. Ba4 Nc5 19. Bc6 Bb7 20. Bxb7 Nxb7 21. f4 Nd7 22. Qh5 f6 23. Rf3 Nbc5 24. Rh3 h6 25. Qf5 Rf7 26. Rf1 a4 27. e4 exf4 28. Rxf4 Ne5 29. Rf1 Ncd3 30. Bd4 b3 31. Rb1 b2 32. Rxd3 Nxd3 33. e5 fxe5 34. Qxd3 exd4 35. Rxb2 Qf4 36. Rb1 Qf2+ 37. Kh1 Qe3 38. Qxe3 dxe3 39. Nf3 a3 40. Nd4 a2 41. Ra1 Rf1+ 0-1

[Event "EYCC Open-U18 2019"]
[Site "Bratislava"]
[Date "2019.08.05"]
[Round "4.28"]
[White "Anghelus, Alin-Gabriel"]
[Black "Tisaj, Domen"]
[Result "1-0"]
[ECO "A80"]
[WhiteElo "2107"]
[BlackElo "2232"]
[Annotator "NA"]
[PlyCount "83"]
[EventDate "2019.08.02"]
[EventType "swiss"]
[EventCountry "SVK"]
[SourceTitle "playchess.com"]
[Source "ChessBase"]
[SourceQuality "1"]
[TimeControl "40/5400+30:1800+30"]

1. d4 f5 2. Nc3 d5 3. Bf4 a6 4. Nf3 Nf6 5. e3 e6 6. Be2 c5 7. O-O Nc6 8. Na4 c4 9. b3 b5 10. Nc5 Bd6 11. a4 Rb8 12. c3 Ne4 13. Nxe4 fxe4 14. Ne5 Nxe5 15. Bxe5 Bxe5 16. dxe5 Qc7 17. axb5 axb5 18. Qd4 O-O 19. Ra7 Rb7 20. Rxb7 Bxb7 21. bxc4 dxc4 22. Bg4 Bd5 23. f3 Qf7 24. f4 h5 25. Bh3 g5 26. g3 g4 27. Bg2 Qb7 28. Rb1 Rc8 29. Rb4 Kf7 30. h3 Kg6 31. hxg4 hxg4 32. Qd1 Kf5 33. Rb2 Qb6 34. Kf2 Rh8 35. Rd2 Qc6 36. Qb1 Rc8 37. Qh1 Qe8 38. Qh4 Qg6 39. Bh3 Rf8 40. Bxg4+ Qxg4 41. Qh7+ Qg6 42. g4+ 1-0

[Event "EYCC Open-U18 2019"]
[Site "Bratislava"]
[Date "2019.08.05"]
[Round "4.30"]
[White "Martinez Fernandez, Adrian"]
[Black "Toquero Gracia, Pau"]
[Result "1-0"]
[ECO "B90"]
[WhiteElo "2311"]
[BlackElo "2080"]
[Annotator "NA"]
[PlyCount "103"]
[EventDate "2019.08.02"]
[EventType "swiss"]
[EventCountry "SVK"]
[SourceTitle "playchess.com"]
[Source "ChessBase"]
[SourceQuality "1"]
[TimeControl "40/5400+30:1800+30"]

1. e4 c5 2. Nf3 d6 3. d4 cxd4 4. Nxd4 Nf6 5. Nc3 a6 6. Be3 e6 7. f3 b5 8. Qd2 Nbd7 9. O-O-O Bb7 10. Kb1 Be7 11. g4 Nb6 12. Bd3 Nfd7 13. g5 Ne5 14. f4 Nec4 15. Qf2 Nxe3 16. Qxe3 b4 17. Nce2 d5 18. e5 g6 19. h4 Qc7 20. h5 O-O-O 21. Qh3 Rhg8 22. hxg6 hxg6 23. Nxe6 fxe6 24. Qxe6+ Kb8 25. Rh7 Rde8 26. Rxe7 Qxe7 27. Qxb6 Rc8 28. Bxa6 Rc6 29. Qxb7+ Qxb7 30. Bxb7 Kxb7 31. Rxd5 Rc4 32. Kc1 Rgc8 33. Rd7+ R8c7 34. Rxc7+ Kxc7 35. Kd2 Rc5 36. Nc1 Ra5 37. Nd3 Rxa2 38. b3 Ra1 39. Nxb4 Rh1 40. c4 Rb1 41. Kc2 Rh1 42. Nd3 Kc6 43. Kc3 Rh8 44. b4 Rd8 45. Nc5 Rf8 46. Ne6 Re8 47. Nd4+ Kd7 48. Kd3 Rf8 49. Ke4 Rb8 50. b5 Rc8 51. Kd5 Rf8 52. Ne6 1-0

[Event "EYCC Open-U18 2019"]
[Site "Bratislava"]
[Date "2019.08.05"]
[Round "4.31"]
[White "Pektas, Yigit"]
[Black "Jakab, Bela"]
[Result "1/2-1/2"]
[ECO "E06"]
[WhiteElo "2111"]
[BlackElo "2278"]
[Annotator "NA"]
[PlyCount "96"]
[EventDate "2019.08.02"]
[EventType "swiss"]
[EventCountry "SVK"]
[SourceTitle "playchess.com"]
[Source "ChessBase"]
[SourceQuality "1"]
[TimeControl "40/5400+30:1800+30"]

1. d4 e6 2. c4 d5 3. Nf3 Nf6 4. g3 Be7 5. Bg2 O-O 6. O-O dxc4 7. Qc2 b5 8. a4 b4 9. Nfd2 c6 10. Nxc4 Qxd4 11. Rd1 Qc5 12. Be3 Qf5 13. Qxf5 exf5 14. Na5 Be6 15. Bxc6 Nxc6 16. Nxc6 Rfe8 17. Nd2 Ng4 18. Bd4 Bf6 19. Bxf6 Nxf6 20. Nxb4 Rab8 21. Nd3 Bd5 22. Kf1 h5 23. Rac1 Re7 24. Rc5 g6 25. Rdc1 Be4 26. Rc7 Rxc7 27. Rxc7 Bxd3 28. exd3 Rxb2 29. Nc4 Ra2 30. Rxa7 Ng4 31. a5 h4 32. gxh4 f4 33. Ke1 Nxf2 34. Rd7 Nh3 35. Ne5 Rxa5 36. Nxf7 Rh5 37. Ng5 Rxh4 38. Ne6 Rg4 39. Rg7+ Kh8 40. Rf7 Rg2 41. d4 Rxh2 42. Rf8+ Kh7 43. d5 Rb2 44. d6 Rb6 45. Rf6 Rxd6 46. Nf8+ Kg7 47. Rxd6 Kxf8 48. Rxg6 Kf7 1/2-1/2

[Event "EYCC Open-U18 2019"]
[Site "Bratislava"]
[Date "2019.08.05"]
[Round "4.32"]
[White "Stevanic, David"]
[Black "Johannsson, Birkir Isak"]
[Result "1-0"]
[ECO "B90"]
[WhiteElo "2306"]
[BlackElo "1988"]
[Annotator "NA"]
[PlyCount "65"]
[EventDate "2019.08.02"]
[EventType "swiss"]
[EventCountry "SVK"]
[SourceTitle "playchess.com"]
[Source "ChessBase"]
[SourceQuality "1"]
[TimeControl "40/5400+30:1800+30"]

1. e4 c5 2. Nf3 d6 3. d4 cxd4 4. Nxd4 Nf6 5. Nc3 a6 6. h3 e6 7. g4 h6 8. Bg2 g5 9. b3 Nbd7 10. Bb2 Ne5 11. Qd2 b5 12. f4 gxf4 13. O-O-O Bb7 14. Qxf4 Nfd7 15. Kb1 Qc7 16. Nce2 O-O-O 17. Ng3 Be7 18. Nf3 Rh7 19. Rhf1 Kb8 20. Qd2 Nc5 21. Bc3 Rc8 22. Ba5 Qc6 23. Nd4 Qe8 24. Qe2 Ncd7 25. Nh5 Bd8 26. Bb4 Bc7 27. Nf3 Qe7 28. Qd2 Nc5 29. Nxe5 dxe5 30. Nf6 Rd8 31. Bxc5 Qxc5 32. Qxd8+ Bxd8 33. Nd7+ 1-0

[Event "EYCC Open-U18 2019"]
[Site "Bratislava"]
[Date "2019.08.05"]
[Round "4.34"]
[White "Joensson, Jacob"]
[Black "Zabolotnov, Evgeny"]
[Result "0-1"]
[ECO "D31"]
[WhiteElo "1981"]
[BlackElo "2284"]
[Annotator "NA"]
[PlyCount "104"]
[EventDate "2019.08.02"]
[EventType "swiss"]
[EventCountry "SVK"]
[SourceTitle "playchess.com"]
[Source "ChessBase"]
[SourceQuality "1"]
[TimeControl "40/5400+30:1800+30"]

1. d4 d5 2. c4 e6 3. Nc3 Bb4 4. Nf3 dxc4 5. e4 b5 6. a4 c6 7. Be2 Bb7 8. O-O a6 9. Ne5 Nd7 10. f4 Ngf6 11. Bf3 Nxe5 12. fxe5 Nd7 13. Bh5 g6 14. Qf3 Qe7 15. Bg4 c5 16. Bg5 Qxg5 17. Qxf7+ Kd8 18. Qxe6 Qe7 19. Rf7 Qxe6 20. Bxe6 Nf8 21. Rxb7 Nxe6 22. d5 Kc8 23. Re7 Nd4 24. axb5 Bxc3 25. Rxa6 Rxa6 26. bxa6 Rf8 27. h4 Ne2+ 28. Kh2 Bxe5+ 29. Rxe5 Kd7 30. h5 c3 31. bxc3 Nxc3 32. hxg6 hxg6 33. Re6 Rc8 34. e5 Nxd5 35. Rd6+ Ke7 36. Rxd5 Ke6 37. Rd6+ Kxe5 38. Rxg6 c4 39. a7 Kd4 40. Ra6 Ra8 41. Kg3 c3 42. Kf4 c2 43. Rc6 Kd3 44. g4 Rxa7 45. Kf5 Ra5+ 46. Kf6 Ra6 47. Rxa6 c1=Q 48. Re6 Qf4+ 49. Ke7 Qxg4 50. Rd6+ Ke4 51. Re6+ Kd5 52. Ra6 Qe2+ 0-1

[Event "EYCC Open-U18 2019"]
[Site "Bratislava"]
[Date "2019.08.05"]
[Round "4.36"]
[White "Pobor, Danilo"]
[Black "Heimisson, Hilmir Freyr"]
[Result "0-1"]
[ECO "A33"]
[WhiteElo "1996"]
[BlackElo "2279"]
[Annotator "NA"]
[PlyCount "66"]
[EventDate "2019.08.02"]
[EventType "swiss"]
[EventCountry "SVK"]
[SourceTitle "playchess.com"]
[Source "ChessBase"]
[SourceQuality "1"]
[TimeControl "40/5400+30:1800+30"]

1. d4 e6 2. Nf3 c5 3. c4 cxd4 4. Nxd4 Nf6 5. Nc3 Nc6 6. e4 Bb4 7. f3 d5 8. exd5 exd5 9. cxd5 Nxd5 10. Nxc6 bxc6 11. Bd2 O-O 12. Be2 Bc5 13. Ne4 Bb6 14. Qc2 Ne3 15. Bxe3 Bxe3 16. Rd1 Qh4+ 17. g3 Qh3 18. Bc4 Bf5 19. Qe2 Bxe4 20. Qxe3 Bc2 21. Bf1 Qh5 22. Rd7 Rae8 23. Re7 Rxe7 24. Qxe7 Qxf3 25. Rg1 Qd1+ 26. Kf2 Qd4+ 27. Qe3 Qxb2 28. Be2 Qxa2 29. Rc1 Ba4 30. Qxa7 Re8 31. Re1 Qc2 32. Kg1 h6 33. Qd7 Qe4 0-1

[Event "EYCC Open-U18 2019"]
[Site "Bratislava"]
[Date "2019.08.05"]
[Round "4.37"]
[White "Castillo Dalmau, Albert"]
[Black "Sousa, Hugo Carneiro"]
[Result "1/2-1/2"]
[ECO "E63"]
[WhiteElo "2252"]
[BlackElo "2130"]
[Annotator "NA"]
[PlyCount "95"]
[EventDate "2019.08.02"]
[EventType "swiss"]
[EventCountry "SVK"]
[SourceTitle "playchess.com"]
[Source "ChessBase"]
[SourceQuality "1"]
[TimeControl "40/5400+30:1800+30"]

1. Nf3 Nf6 2. g3 g6 3. Bg2 Bg7 4. c4 O-O 5. O-O d6 6. d4 Nc6 7. Nc3 a6 8. d5 Na5 9. b3 c5 10. dxc6 Ne4 11. c7 Qxc7 12. Nd5 Qd8 13. Nd4 Nc5 14. Bb2 Ne6 15. Nxe6 Bxe6 16. Bxg7 Kxg7 17. b4 Nc6 18. b5 Ne5 19. Qd4 Kg8 20. Nb6 Rb8 21. a4 a5 22. Rfc1 Nd7 23. Nxd7 Qxd7 24. c5 dxc5 25. Qxd7 Bxd7 26. Rxc5 Rfc8 27. Rxc8+ Bxc8 28. Rc1 b6 29. Rc7 Kf8 30. Bd5 Bf5 31. e4 Bg4 32. Kg2 Bd1 33. Bc6 Bxa4 34. Kf3 Bb3 35. Ra7 f6 36. Ke3 Kf7 37. Kd4 Ke6 38. f4 h5 39. Kc3 Bd1 40. Kd4 Bb3 41. Kc3 a4 42. Kd4 Rd8+ 43. Kc3 Kd6 44. Kb4 Rb8 45. Rd7+ Ke6 46. Ra7 Kd6 47. Rd7+ Ke6 48. Ra7 {[%emt 0:00:03] Kd5} 1/2-1/2

[Event "EYCC Open-U18 2019"]
[Site "Bratislava"]
[Date "2019.08.05"]
[Round "4.38"]
[White "Gray, Euan"]
[Black "Kizatbay, Abyl"]
[Result "1-0"]
[ECO "A58"]
[WhiteElo "2004"]
[BlackElo "2216"]
[Annotator "NA"]
[PlyCount "105"]
[EventDate "2019.08.02"]
[EventType "swiss"]
[EventCountry "SVK"]
[SourceTitle "playchess.com"]
[Source "ChessBase"]
[SourceQuality "1"]
[TimeControl "40/5400+30:1800+30"]

1. d4 Nf6 2. c4 c5 3. d5 b5 4. cxb5 a6 5. bxa6 g6 6. Nc3 Bg7 7. Nf3 O-O 8. a7 Rxa7 9. e4 e6 10. Be2 exd5 11. exd5 d6 12. O-O Na6 13. Nd2 Bf5 14. Nc4 Nb4 15. Bf4 Ne8 16. Ne3 Bc8 17. a3 Na6 18. Nc4 g5 19. Be3 f5 20. f4 g4 21. Qd2 Re7 22. Rfe1 Bf6 23. Bf2 h5 24. Bd3 Rh7 25. Ne3 Ng7 26. Qc2 Kh8 27. g3 h4 28. Kg2 Nc7 29. b4 Bb7 30. Bc4 Nce6 31. Qd3 Nh5 32. Ne2 Bxa1 33. Rxa1 Qf6 34. Rb1 hxg3 35. hxg3 Qh6 36. Nxf5 Rxf5 37. Qxf5 Nhxf4+ 38. Kf1 Qh1+ 39. Ng1 Rh2 40. Rb2 Bxd5 41. Bxd5 Qxd5 42. Qxd5 Nxd5 43. Bd4+ cxd4 44. Rxh2+ Kg7 45. Ke2 Ne3 46. Kd3 Nf5 47. Ne2 Ng5 48. Rf2 Kg6 49. Rf4 Nh3 50. Rxg4+ Kf7 51. Kd2 d3 52. Nc1 Nf2 53. Rf4 1-0

[Event "EYCC Open-U18 2019"]
[Site "Bratislava"]
[Date "2019.08.05"]
[Round "4.39"]
[White "Hurdzan, Tomas"]
[Black "Alivodic, Dario"]
[Result "1-0"]
[ECO "C06"]
[WhiteElo "2231"]
[BlackElo "2120"]
[Annotator "NA"]
[PlyCount "121"]
[EventDate "2019.08.02"]
[EventType "swiss"]
[EventCountry "SVK"]
[SourceTitle "playchess.com"]
[Source "ChessBase"]
[SourceQuality "1"]
[TimeControl "40/5400+30:1800+30"]

1. e4 e6 2. d4 d5 3. Nd2 Nf6 4. e5 Nfd7 5. Bd3 c5 6. c3 Nc6 7. Ne2 cxd4 8. cxd4 f6 9. exf6 Nxf6 10. Nf3 Bd6 11. O-O O-O 12. Bf4 Bxf4 13. Nxf4 Ne4 14. Qc1 Ng5 15. Nxg5 Qxg5 16. Ne2 Qf6 17. Qd2 e5 18. dxe5 Nxe5 19. Bc2 Be6 20. Nd4 Bf7 21. b3 Bg6 22. Bxg6 Qxg6 23. Rfe1 Rae8 24. Rad1 Nc6 25. Ne2 Rd8 26. Nf4 Qg5 27. Nxd5 Qxd2 28. Rxd2 Nb4 29. Red1 Nxd5 30. Rxd5 Rxd5 31. Rxd5 Rc8 32. g3 Rc2 33. a4 b6 34. Rd8+ Kf7 35. Rd7+ Kg6 36. Rxa7 Rb2 37. Ra6 Rxb3 38. a5 Ra3 39. Rxb6+ Kh5 40. a6 g5 41. h3 g4 42. Rb5+ Kg6 43. Rb6+ Kh5 44. hxg4+ Kxg4 45. Rh6 Kf3 46. Rf6+ Kg4 47. Rh6 Kf3 48. Rxh7 Ra1+ 49. Kh2 Kxf2 50. Rf7+ Ke3 51. a7 Ke4 52. g4 Ke5 53. g5 Ke6 54. g6 Ra5 55. Kh3 Ra4 56. Rb7 Kf6 57. g7 Ra3+ 58. Kg2 Ra2+ 59. Kf3 Ra4 60. g8=Q Rf4+ {[%emt 0:00:06] Ke4} 61. Ke2 1-0

[Event "EYCC Open-U18 2019"]
[Site "Bratislava"]
[Date "2019.08.05"]
[Round "4.40"]
[White "Cordeiro, Joao Carlos Santos F"]
[Black "Ghersinich, Enrico"]
[Result "1/2-1/2"]
[ECO "C06"]
[WhiteElo "1924"]
[BlackElo "2221"]
[Annotator "NA"]
[PlyCount "122"]
[EventDate "2019.08.02"]
[EventType "swiss"]
[EventCountry "SVK"]
[SourceTitle "playchess.com"]
[Source "ChessBase"]
[SourceQuality "1"]
[TimeControl "40/5400+30:1800+30"]

1. e4 e6 2. d4 d5 3. Nd2 Nf6 4. e5 Nfd7 5. Bd3 c5 6. c3 Nc6 7. Ne2 cxd4 8. cxd4 f6 9. exf6 Qxf6 10. Nf3 Bd6 11. Bg5 Qf7 12. O-O O-O 13. Bh4 h6 14. Rc1 Re8 15. Bg3 Qe7 16. Bb1 Nf8 17. a3 Bd7 18. Re1 a5 19. Nc3 Bxg3 20. hxg3 Qf6 21. Qd3 Rec8 22. Ne5 Nxe5 23. Rxe5 b5 24. Ree1 Rc4 25. Ne2 Rac8 26. b3 Rxc1 27. Rxc1 Rxc1+ 28. Nxc1 Qe7 29. Qc2 Qxa3 30. Nd3 Be8 31. Ne5 Qa1 32. Qd3 a4 33. bxa4 bxa4 34. Kh2 a3 35. Qb3 Qxd4 36. Qb8 Bh5 37. Nd7 Qxf2 38. Nxf8 Qb2 39. Qxb2 axb2 40. Nxe6 g5 41. Nc7 Bf7 42. Kg1 Kg7 43. Nb5 Bg6 44. Na3 Be4 45. Bxe4 dxe4 46. Kf2 Kf6 47. g4 Ke5 48. Ke3 Kd5 49. g3 Kc5 50. Kxe4 Kb4 51. Nb1 Kc4 52. Ke3 Kb3 53. Kd3 Kb4 54. Nd2 Kc5 55. Kc3 Kd5 56. Kd3 Kc5 57. Ke4 Kb5 58. Kd5 Kb4 59. Kd4 Kb5 60. Kc3 Kc5 61. Kd3 Kd5 {Kd4+} 1/2-1/2

[Event "EYCC Open-U18 2019"]
[Site "Bratislava"]
[Date "2019.08.06"]
[Round "5.1"]
[White "Hakobyan, Aram"]
[Black "Kaasen, Tor Fredrik"]
[Result "1/2-1/2"]
[ECO "A30"]
[WhiteElo "2568"]
[BlackElo "2376"]
[Annotator "ChessBase"]
[PlyCount "69"]
[EventDate "2019.08.02"]
[EventType "swiss"]
[EventCountry "SVK"]
[SourceTitle "playchess.com"]
[Source "ChessBase"]
[SourceQuality "1"]
[TimeControl "40/5400+30:1800+30"]

1. c4 c5 2. Nf3 Nc6 3. Nc3 g6 4. e3 Nf6 5. d4 cxd4 6. exd4 d5 7. cxd5 Nxd5 8. Qb3 Nxc3 9. Bc4 e6 10. bxc3 Bd7 11. Bb5 Bg7 12. Ba3 Bf8 13. Bc1 Bg7 14. Ba3 Bf8 15. Bxf8 Kxf8 16. O-O Kg7 17. a4 Rc8 18. Rfd1 Qc7 19. c4 Rhd8 20. Qb2 Kg8 21. d5 Na5 22. d6 Qb6 23. Qf6 Bxb5 24. Ng5 Rf8 25. cxb5 Qd8 26. Qf4 Rc4 27. Qe3 Qf6 28. Nf3 Qf4 29. Qxa7 Rxa4 30. d7 Rd8 31. Qc5 Rxa1 32. Rxa1 Nb3 33. Qc8 Qb8 34. Qxb8 Rxb8 35. Ra3 1/2-1/2

[Event "EYCC Open-U18 2019"]
[Site "Bratislava"]
[Date "2019.08.06"]
[Round "5.2"]
[White "Salemgareev, Tagir"]
[Black "Vrolijk, Liam"]
[Result "1/2-1/2"]
[ECO "D41"]
[WhiteElo "2412"]
[BlackElo "2478"]
[Annotator "ChessBase"]
[PlyCount "72"]
[EventDate "2019.08.02"]
[EventType "swiss"]
[EventCountry "SVK"]
[SourceTitle "playchess.com"]
[Source "ChessBase"]
[SourceQuality "1"]
[TimeControl "40/5400+30:1800+30"]

1. d4 Nf6 2. c4 e6 3. Nf3 d5 4. Nc3 c5 5. cxd5 Nxd5 6. e4 Nxc3 7. bxc3 cxd4 8. cxd4 Bb4+ 9. Bd2 Bxd2+ 10. Qxd2 O-O 11. Rc1 b6 12. Bd3 Bb7 13. O-O Nc6 14. d5 exd5 15. e5 Re8 16. Rfe1 Rc8 17. Qf4 h6 18. h4 Ne7 19. Nd4 Rxc1 20. Rxc1 Qb8 21. Nb5 Bc8 22. Nd6 Rf8 23. Bb1 Be6 24. Rc3 Kh8 25. h5 Qd8 26. Qa4 f6 27. f4 fxe5 28. fxe5 Nf5 29. Qc2 g6 30. hxg6 Qh4 31. Qd2 Kg7 32. Bxf5 Bxf5 33. Rf3 Bxg6 34. Rxf8 Kxf8 35. Qxd5 Qe1+ 36. Kh2 Qh4+ 1/2-1/2